 Dungeon Crawl Stone Soup version 0.17-a0-649-g87edefa (webtiles) character file.

54 xeno23 the Skirmisher (level 3, 0/29 HPs)
             Began as a Demonspawn Abyssal Knight on Apr 17, 2015.
             Was a Follower of Lugonu.
             Succumbed to poison (a potion of poison)
             ... on level 2 of the Dungeon.
             The game lasted 00:03:49 (1724 turns).

xeno23 the Skirmisher (Demonspawn Abyssal Knight)   Turns: 1724, Time: 00:03:49

Health: 0/29       AC:  3    Str: 13    XL:     3   Next: 66%
Magic:  5/5        EV: 11    Int: 13    God:    Lugonu [*.....]
Gold:   113        SH:  0    Dex: 12    Spells: 0 memorised, 2 levels left

rFire  . . .     SeeInvis .     a - +1 falchion
rCold  . . .     Clarity  .     b - +0 leather armour
rNeg   . . .     SustAb   .     (no shield)
rPois  .         Gourm    .     (no helmet)
rElec  .         Spirit   .     (no cloak)
rCorr  .         Warding  .     (no gloves)
rMut   .         Stasis   .     (no boots)
MR     .....                    (no amulet)
Stlth  +.........               (no ring)
                                (no ring)

@: lethally poisoned (0 -> -20), not resistant to hostile enchantments, very
unstealthy
A: hooves 1, powered by pain 1
a: Depart the Abyss, Renounce Religion


You were on level 2 of the Dungeon.
You worshipped Lugonu.
Lugonu was aware of your devotion.
You were not hungry.

You visited 1 branch of the dungeon, and saw 2 of its levels.
You visited the Abyss 1 time.

You collected 113 gold pieces.

Inventory:

Hand weapons
 a - a +1 falchion (weapon)
Missiles
 m - 48 stones (quivered)
Armour
 b - a +0 leather armour (worn)
Magical devices
 q - a wand of teleportation (3)
Scrolls
 e - 5 scrolls of remove curse {unknown}
 f - 2 scrolls of magic mapping {unknown}
 h - a scroll of amnesia {unknown}
 i - a scroll of identify {unknown}
 n - a scroll of random uselessness {unknown}
Comestibles
 c - 2 bread rations
 d - 4 fruits
 j - a meat ration
 o - 3 chunks of flesh
 p - a royal jelly


   Skills:
 + Level 3.6 Fighting
 + Level 1.7 Long Blades
 + Level 2.2 Armour
 + Level 1.2 Dodging
 + Level 0.4 Stealth
 + Level 3.5 Invocations


You had 2 spell levels left.
You didn't know any spells.

Dungeon Overview and Level Annotations

Branches:
Dungeon (2/15)

Altars:
Qazlal


Innate Abilities, Weirdness & Mutations

You have large cloven feet.
You sometimes gain a little power by taking damage.


Message History

It was a potion of curing.
You feel better. The adder bites you.
* * * LOW HITPOINT WARNING * * *
You are poisoned.
The adder poisons you!
You miss the adder. Your kick misses the adder.
The adder is almost dead.
You feel sick. The adder bites you.
* * * LOW HITPOINT WARNING * * *
You are more poisoned.
The adder poisons you! The adder bites you but does no damage.
You take 5 damage.
Drink which item? (? for menu, Esc to quit)
It was a potion of poison.
That liquid tasted very nasty...
You are more poisoned.
* * * LOW HITPOINT WARNING * * *
You feel sick. The adder closely misses you.
You take 1 damage.
You miss the adder.
The adder is almost dead.
You die...

#.#.......
#.......#
####...###.#
#......#
#.##..## ..
##.## ## #..#
#.#####!.#
#....@Sg.##
#######s..#
#....s.......#
#.............
#......r.......
#..............
.............
...........
.........


You could see an adder, a giant cockroach and a hobgoblin.

Vanquished Creatures
  An adder (D:2)
  An ooze (D:1)
  A worm (D:2)
  2 giant geckos (D:1)
  2 giant cockroaches
  5 goblins
  4 hobgoblins
  6 bats
  4 jackals (D:1)
  5 kobolds
  4 rats
35 creatures vanquished.

Notes
Turn   | Place    | Note
--------------------------------------------------------------
     0 | Abyss:1  | xeno23, the Demonspawn Abyssal Knight, began the quest for the Orb.
     0 | Abyss:1  | Reached XP level 1. HP: 18/18 MP: 2/2
    63 | Abyss:1  | Noticed a green very ugly thing
    64 | D:1      | Escaped the Abyss
   282 | D:1      | Acquired Lugonu's first power
   344 | D:1      | Gained mutation: You have large cloven feet. [demonic ancestry]
   344 | D:1      | Reached XP level 2. HP: 20/24 MP: 4/4
   354 | D:1      | Reached skill level 1 in Dodging
   846 | D:1      | Gained mutation: You sometimes gain a little power by taking damage. [demonic ancestry]
   846 | D:1      | Reached XP level 3. HP: 18/29 MP: 5/5
  1266 | D:2      | Found a stormy altar of Qazlal.
  1724 | D:2      | Succumbed to poison (a potion of poison)

Action                   || total
-------------------------++-------
Melee: Falchion          ||   123
Throw: Stone             ||     2
Invok: Depart the Abyss  ||     1
  Use: Potion            ||     3
  Eat: Chunk             ||     3
